 Dungeon Crawl Stone Soup version 0.25-a0-292-gaa31f046c4 (webtiles) character file.

Game seed: 13337400007290638390, levelgen mode: deterministic

373 floatRand the Insei (level 6, 22/47 HPs)
             Began as a Demonspawn Monk on Dec 15, 2019.
             Quit the game on level 4 of the Dungeon.
             The game lasted 00:04:20 (4667 turns).

floatRand the Insei (Demonspawn Monk)               Turns: 4667, Time: 00:04:21

Health: 22/47      AC:  3    Str: 13    XL:     6   Next: 43%
Magic:  6/6        EV: 13    Int: 12    God:
Gold:   145        SH:  0    Dex: 15    Spells: 5/5 levels left

rFire    . . .     SeeInvis .     - Unarmed
rCold    . . .     Gourm    .   (no shield)
rNeg     . . .     Faith    .   a - +0 robe
rPois    .         Spirit   .   (no helmet)
rElec    .         Reflect  .   n - +0 cloak
rCorr    .         Harm     .   (no gloves)
MR       .....                  (no boots)
Stlth    ++........             (no amulet)
HPRegen  0.15/turn              (no ring)
MPRegen  0.10/turn              (no ring)

@: no status effects
A: hooves 1, demonic guardian 1, powered by pain 1
a: no special abilities


You were on level 4 of the Dungeon.
You were not hungry.

You visited 1 branch of the dungeon, and saw 4 of its levels.

You collected 145 gold pieces.

Inventory:

Armour
 a - a +0 robe (worn)
 n - a +0 cloak (worn)
Wands
 j - a wand of disintegration (10)
 l - a wand of digging (10)
 m - a wand of polymorph (3)
Scrolls
 d - 2 scrolls of remove curse {unknown}
 f - a scroll of identify {unknown}
 g - 3 scrolls of teleportation {unknown}
 i - 2 scrolls of magic mapping {unknown}
Potions
 c - a potion of haste
 e - a potion of lignification {unknown}
 k - 2 potions of mutation {unknown}
Comestibles
 b - 6 rations
 h - 6 chunks of flesh


   Skills:
 - Level 3.0 Fighting
 - Level 2.6 Dodging
 - Level 1.7 Stealth
 + Level 6.7 Unarmed Combat


You had 5 spell levels left.
You didn't know any spells.
Your spell library was empty.

Dungeon Overview and Level Annotations

Branches:
Dungeon (4/15)
 Temple: D:4-7

Altars:
Cheibriados

Shops:
D:4 (

Annotations:
D:4 1 runed translucent door, Crazy Yiuf


Innate Abilities, Weirdness & Mutations

You have large cloven feet.
A weak demonic guardian rushes to your aid.
You sometimes gain a little power by taking damage.


Message History

You are too injured to fight recklessly!
You are too injured to fight recklessly!
Your white imp hits Edmund.
Your white imp freezes Edmund.
Your white imp gestures at Edmund.
The puff of frost misses Edmund.
Edmund barely misses your white imp.
You are too injured to fight recklessly!
Unknown command.
Unknown command.
You are too injured to fight recklessly!
Your white imp hits Edmund but does no damage.
Your white imp hits Edmund.
Your white imp freezes Edmund.
Edmund dies!
You swap places.
l - a wand of digging (10) (gained 3 charges)
Things that are here:
a +2 dire flail of holy wrath; a +0 ring mail You swap places.
Things that are here:
a +2 dire flail of holy wrath; a +0 ring mail Are you sure you want to abandon this character and quit the game? (Confirm with "yes".)

#..........#
#..........#
#..........# #
#.#..........##.#
#...............
#>.........#
#..........#
#..........#
#......@5..#
#......5...#
########...# #...#
#...#########
#####...#.......#
#.....###.......###
#.....# #.....)...#
#.....# #...).)...#


You could see 2 friendly white imps.

Vanquished Creatures
  A bullfrog (D:3)
  An orc priest (D:4)
  Jessica (D:2)
  2 orc wizards (D:4)
  A gnoll (D:3)
  4 adders
  3 worms
  2 dart slugs (D:1)
  6 leopard geckos
  7 orcs
  A ball python (D:2)
  5 giant cockroaches
  8 goblins
  6 hobgoblins
  7 jackals (D:3)
  5 kobolds
  2 quokkas
  7 bats
  8 frilled lizards
  4 rats
81 creatures vanquished.

Vanquished Creatures (collateral kills)
  Edmund (D:4)
  An orc priest (D:4)
2 creatures vanquished.

Vanquished Creatures (others)
  A leopard gecko (D:1)
1 creature vanquished.

Grand Total: 84 creatures vanquished

Notes
Turn   | Place    | Note
-------+----------+-------------------------------------------
     0 | D:1      | floatRand the Demonspawn Monk began the quest for the Orb.
     0 | D:1      | Reached XP level 1. HP: 18/18 MP: 1/1
    31 | D:1      | Reached skill level 3 in Unarmed Combat
   319 | D:1      | Gained mutation: You sometimes gain a little power by
                  | taking damage. [demonic ancestry]
   319 | D:1      | Reached XP level 2. HP: 13/24 MP: 2/2
  1201 | D:1      | Gained mutation: A weak demonic guardian rushes to your
                  | aid. [demonic ancestry]
  1201 | D:1      | Reached XP level 3. HP: 22/29 MP: 3/3
  1544 | D:2      | Reached skill level 4 in Unarmed Combat
  2353 | D:2      | Noticed Jessica
  2362 | D:2      | Killed Jessica
  2362 | D:2      | Reached XP level 4. HP: 23/35 MP: 4/4
  3477 | D:3      | Noticed Sigmund
  3494 | D:3      | Noticed Sigmund
  3494 | D:3      | Sigmund changed into Sigmund the centaur
  3501 | D:3      | Noticed Sigmund
  3501 | D:3      | Sigmund the centaur changed into Sigmund the bullfrog
  3505 | D:3      | Killed Sigmund the bullfrog
  3505 | D:3      | Reached skill level 5 in Unarmed Combat
  3505 | D:3      | Reached XP level 5. HP: 34/41 MP: 5/5
  4298 | D:4      | Found a snail-covered altar of Cheibriados.
  4373 | D:4      | Reached skill level 6 in Unarmed Combat
  4548 | D:4      | Gained mutation: You have large cloven feet. [demonic
                  | ancestry]
  4548 | D:4      | Reached XP level 6. HP: 42/47 MP: 6/6
  4600 | D:4      | Found Joddus's Weapon Boutique.
  4624 | D:4      | Found a runed translucent door.
  4625 | D:4      | Noticed Crazy Yiuf
  4651 | D:4      | Noticed Edmund
  4661 | D:4      | Killed Edmund
  4667 | D:4      | Quit the game

Levels and vault maps discovered:
D:1:      lightli_arrival_statuegarden, layout_rooms, grunt_decor_fettered,
          palyth_stone_intersect, lemuel_flame_loot_1
D:2:      layout_basic, uniq_jessica
D:3:      layout_rooms, minmay_hedge_maze, uniq_sigmund
D:4:      layout_basic, cheibriados_altar_1, first_ration, serial_shops,
          kennysheep_mini, bloody_makhleb, uniq_edmund, uniq_crazy_yiuf_cottage

Skill      XL: |  1  2  3  4  5 |
---------------+----------------+-----
Unarmed Combat | 3 4 5 6 |  6.7
Fighting       | |  3.0
Dodging        | |  2.6
Stealth        | |  1.7

Action                   |  1- 3 |  4- 6 || total
-------------------------+-------+-------++-------
Melee: Unarmed           |   164 |   191 ||   355
       Punch             |     3 |     5 ||     8
       Kick              |       |     2 ||     2
Evoke: Wand              |       |     7 ||     7
  Use: Potion            |       |     2 ||     2
 Stab: Sleeping          |     1 |     7 ||     8
       Distracted        |       |     2 ||     2
       Invisible         |       |     5 ||     5
  Eat: Chunk             |     5 |     7 ||    12
Armor: Robe              |    18 |    22 ||    40
Dodge: Dodged            |   103 |   123 ||   226

Table legend:
 A = Non-vault XP
 B = Vault XP
 C = Vault XP percentage of total XP
 D = Non-vault monster count
 E = Vault monster count
 F = Vault count percentage of total count
                 A         B        C        D         E       F
            +---------+---------+-------+---------+---------+-------
      Total |     354 |     179 |  33.6 |      80 |       3 |   3.6
            +---------+---------+-------+---------+---------+-------
        D:1 |      44 |       0 |   0.0 |      25 |       0 |   0.0
        D:2 |      53 |      37 |  41.1 |      20 |       1 |   4.8
        D:3 |      73 |      54 |  42.5 |      20 |       1 |   4.8
        D:4 |     184 |      88 |  32.4 |      15 |       1 |   6.2
            +---------+---------+-------+---------+---------+-------
